BSA
IRVINE GANG GREEN @ BOSTON REBELS
09/07/2024
 
TOP OF THE 1ST
Irvine Gang Green batting - Pitching for Boston Rebels : LHP José Hidalgo
Pitching: LHP José Hidalgo
Batting: RHB Oliver Hernández 0-0: Called Strike
0-1: Ball
1-1: Ball
2-1: Foul Ball, location: 2F
2-2: Ball
3-2: Ground out 6-3 (Groundball, 6)
Batting: RHB Pepe González 0-0: Ball
1-0: Called Strike
1-1: Ball
2-1: Ball
3-1: Base on Balls
Batting: LHB Leonardo Medina 0-0: Foul Ball, location: 2F
0-1: Swinging Strike
0-2: Ball
1-2: Foul Ball, location: 2F
1-2: Strikes out swinging
Batting: RHB José Salazar 0-0: Called Strike
0-1: Ball
1-1: Ball
2-1: Swinging Strike
2-2: Ball
3-2: Ground out 6-3 (Groundball, 6)
Top of the 1st over - 0 run(s), 0 hit(s), 0 error(s), 1 left on base; Irvine 0 - Boston 0
BOTTOM OF THE 1ST
Boston Rebels batting - Pitching for Irvine Gang Green : LHP Masutaro Koyama
Pitching: LHP Masutaro Koyama
Batting: LHB Bill Wilson 0-0: Called Strike
0-1: Ball
1-1: Foul Ball, location: 2F
1-2: Foul Ball, location: 2F
1-2: Strikes out swinging
Batting: SHB Álex Rosado 0-0: Swinging Strike
0-1: Swinging Strike
0-2: Strikes out swinging
Batting: RHB Ronnie Brown 0-0: Ground out 6-3 (Groundball, 6)
Bottom of the 1st over - 0 run(s), 0 hit(s), 0 error(s), 0 left on base; Irvine 0 - Boston 0
TOP OF THE 2ND
Irvine Gang Green batting - Pitching for Boston Rebels : LHP José Hidalgo
Batting: LHB Tom Baker 0-0: Called Strike
0-1: Ball
1-1: Ball
2-1: DOUBLE (Line Drive, 4MD)
Pinch Runner at 2nd Bryce Hopkins:
Batting: RHB José García 0-0: Ball
1-0: Ground out U3 (Groundball, 3)
Bryce Hopkins to third
Batting: LHB Jesús Campos 0-0: Ball
1-0: SINGLE (Groundball, 4MD)
Bryce Hopkins scores
Batting: RHB Earl Wiggins 0-0: Ball
1-0: Foul Ball, location: 2F
1-1: Ball
2-1: Foul Ball, location: 2F
2-2: SINGLE (Groundball, 4M)
Jesús Campos to second
Runner from 2nd tries for 3rd, SAFE, throw made to third
Batting: LHB Lorenzo Quintanilla 0-0: Called Strike
0-1: Hit by Pitch
Earl Wiggins to second
Batting: RHB Oliver Hernández 0-0: Foul Ball, location: 2F
0-1: Swinging Strike
0-2: Ball
1-2: Strikes out swinging
Batting: RHB Pepe González 0-0: Called Strike
0-1: Foul Ball, location: 2F
0-2: Strikes out swinging
Top of the 2nd over - 1 run(s), 3 hit(s), 0 error(s), 3 left on base; Irvine 1 - Boston 0
BOTTOM OF THE 2ND
Boston Rebels batting - Pitching for Irvine Gang Green : LHP Masutaro Koyama
Now in CF: Bryce Hopkins
Batting: LHB Bill Wilson 0-0: Called Strike
0-1: Swinging Strike
0-2: Ball
1-2: Ball
2-2: Strikes out swinging
Batting: LHB Stanley Mullins 0-0: Ground out 5-3 (Groundball, 56)
Batting: LHB Lorenzo Flores 0-0: Ball
1-0: Fly out, F9 (Flyball, 9D)
Bottom of the 2nd over - 0 run(s), 0 hit(s), 0 error(s), 0 left on base; Irvine 1 - Boston 0
TOP OF THE 3RD
Irvine Gang Green batting - Pitching for Boston Rebels : LHP José Hidalgo
Batting: LHB Leonardo Medina 0-0: Ball
1-0: Swinging Strike
1-1: Foul Ball, location: 2F
1-2: Ground out 4-3 (Groundball, 4)
Batting: RHB José Salazar 0-0: Ball
1-0: Ball
2-0: Ground out 6-3 (Groundball, 6)
Now at SS: Wilson Gómez
Batting: LHB Bryce Hopkins 0-0: Called Strike
0-1: Called Strike
0-2: Foul Ball, location: 2F
0-2: Ball
1-2: Fly out, F5 (Popup, 5SF)
Top of the 3rd over - 0 run(s), 0 hit(s), 0 error(s), 0 left on base; Irvine 1 - Boston 0
BOTTOM OF THE 3RD
Boston Rebels batting - Pitching for Irvine Gang Green : LHP Masutaro Koyama
Batting: SHB Javier Villegas 0-0: Ball
1-0: Ball
2-0: Called Strike
2-1: Called Strike
2-2: Strikes out looking
Batting: RHB Rob Whitley 0-0: Fly out, F9 (Flyball, 9LM)
Batting: RHB Wilson Gómez 0-0: Swinging Strike
0-1: Ground out 6-3 (Groundball, 6)
Bottom of the 3rd over - 0 run(s), 0 hit(s), 0 error(s), 0 left on base; Irvine 1 - Boston 0
TOP OF THE 4TH
Irvine Gang Green batting - Pitching for Boston Rebels : LHP José Hidalgo
Batting: RHB José García 0-0: Called Strike
0-1: Ball
1-1: Ball
2-1: Ball
3-1: Swinging Strike
3-2: Foul Ball, location: 2F
3-2: Base on Balls
Batting: LHB Jesús Campos 0-0: Ball
1-0: Ball
2-0: Swinging Strike
Pickoff Throw to First - Error! E1
José García to second
2-1: Ball
3-1: Called Strike
José García steals 3rd base
3-2: Ground out 3-5 (Groundball, 3)
Batting: RHB Earl Wiggins 0-0: Called Strike
0-1: Swinging Strike
0-2: Foul Ball, location: 2F
0-2: Strikes out swinging
Batting: LHB Lorenzo Quintanilla 0-0: Ball
1-0: SINGLE (Groundball, 34D)
José García scores
Batting: RHB Oliver Hernández 0-0: Fly out, F8 (Flyball, 8RS)
Top of the 4th over - 1 run(s), 1 hit(s), 1 error(s), 1 left on base; Irvine 2 - Boston 0
BOTTOM OF THE 4TH
Boston Rebels batting - Pitching for Irvine Gang Green : LHP Masutaro Koyama
Batting: LHB Bill Wilson 0-0: Swinging Strike
0-1: Swinging Strike
0-2: Ball
1-2: Ball
2-2: Foul Ball, location: 2F
2-2: Foul Ball, location: 2F
2-2: Ball
3-2: Strikes out swinging
Batting: SHB Álex Rosado 0-0: Ground out 6-3 (Groundball, 6)
Batting: RHB Ronnie Brown 0-0: Ball
1-0: SINGLE (Groundball, 5L)
Batting: LHB Bill Wilson 0-0: Called Strike
0-1: Called Strike
0-2: Strikes out swinging
Bottom of the 4th over - 0 run(s), 1 hit(s), 0 error(s), 1 left on base; Irvine 2 - Boston 0
TOP OF THE 5TH
Irvine Gang Green batting - Pitching for Boston Rebels : LHP José Hidalgo
Batting: RHB Pepe González 0-0: Foul Ball, location: 2F
0-1: Ball
1-1: Foul Ball, location: 2F
1-2: Ball
2-2: Ball
3-2: DOUBLE (Line Drive, 89XD)
Batting: LHB Leonardo Medina 0-0: Foul Ball, location: 2F
0-1: Ball
1-1: Ball
2-1: Ball
3-1: DOUBLE (Line Drive, 9LD)
Pepe González scores
Batting: RHB José Salazar 0-0: Foul Ball, location: 2F
0-1: Ball
1-1: Ground out 5-3 (Groundball, 56)
Batting: LHB Bryce Hopkins 0-0: Foul Ball, location: 2F
0-1: SINGLE (Line Drive, 6M)
Leonardo Medina to third
Runner from 3rd tries for Home, throw and OUT!
Bryce Hopkins to second
Batting: RHB José García 0-0: Ball
1-0: Ball
2-0: Ball
3-0: Base on Balls
Batting: LHB Jesús Campos 0-0: Fly out, F2 (Popup, 2LF)
Top of the 5th over - 1 run(s), 3 hit(s), 0 error(s), 2 left on base; Irvine 3 - Boston 0
BOTTOM OF THE 5TH
Boston Rebels batting - Pitching for Irvine Gang Green : LHP Masutaro Koyama
Batting: LHB Stanley Mullins 0-0: Ball
1-0: Called Strike
1-1: Ball
2-1: Ground out U3 (Groundball, 3L)
Batting: LHB Lorenzo Flores 0-0: Ball
1-0: Foul Ball, location: 2F
1-1: Foul Ball, location: 2F
1-2: Strikes out looking
Batting: SHB Javier Villegas 0-0: Ball
1-0: Called Strike
1-1: Called Strike
1-2: Strikes out swinging
Bottom of the 5th over - 0 run(s), 0 hit(s), 0 error(s), 0 left on base; Irvine 3 - Boston 0
TOP OF THE 6TH
Irvine Gang Green batting - Pitching for Boston Rebels : LHP José Hidalgo
Pitching: LHP António Alvarado
Batting: RHB Earl Wiggins 0-0: Ground out 6-3 (Groundball, 6)
Batting: LHB Lorenzo Quintanilla 0-0: Ball
1-0: Called Strike
1-1: Foul Ball, location: 2F
1-2: Ball
2-2: Foul Ball, location: 2F
2-2: Ground out 4-3 (Groundball, 4)
Batting: RHB Oliver Hernández 0-0: Ball
1-0: Foul Ball, location: 2F
1-1: Foul Ball, location: 2F
1-2: Ball
2-2: Foul Ball, location: 2F
2-2: Ball
3-2: Strikes out swinging
Top of the 6th over - 0 run(s), 0 hit(s), 0 error(s), 0 left on base; Irvine 3 - Boston 0
BOTTOM OF THE 6TH
Boston Rebels batting - Pitching for Irvine Gang Green : RHP Lorenzo Ramos
Pitching: RHP Lorenzo Ramos
Batting: RHB Rob Whitley 0-0: Ball
1-0: Foul Ball, location: 2F
1-1: Swinging Strike
1-2: Foul Ball, location: 2F
1-2: Strikes out looking
Batting: RHB Wilson Gómez 0-0: Ball
1-0: Called Strike
1-1: Ball
2-1: Foul Ball, location: 2F
2-2: Strikes out swinging
Batting: LHB Bill Wilson 0-0: Ball
1-0: Ball
2-0: Foul Ball, location: 2F
2-1: Called Strike
2-2: Ball
3-2: Foul Ball, location: 2F
3-2: Foul Ball, location: 2F
3-2: Base on Balls
Batting: SHB Álex Rosado 0-0: Called Strike
0-1: Called Strike
0-2: Ball
1-2: SINGLE (Flyball, 56D)
Bill Wilson to second
Batting: RHB Ronnie Brown 0-0: Ball
1-0: Ball
2-0: Fielders Choice at 2nd, U6 (Groundball, 6M)
Bottom of the 6th over - 0 run(s), 1 hit(s), 0 error(s), 2 left on base; Irvine 3 - Boston 0
TOP OF THE 7TH
Irvine Gang Green batting - Pitching for Boston Rebels : LHP António Alvarado
Batting: RHB Pepe González 0-0: DOUBLE (Groundball, 5L)
Batting: LHB Leonardo Medina 0-0: SINGLE (Flyball, 8RS)
Pepe González to third
Batting: RHB José Salazar 0-0: Called Strike
0-1: Ball
1-1: Foul Ball, location: 2F
1-2: Fly out, F6 (Line Drive, 6)
Batting: LHB Bryce Hopkins 0-0: Ball
1-0: Ball
2-0: Foul Ball, location: 2F
2-1: Foul Ball, location: 2F
2-2: SINGLE (Groundball, 3D)
Pepe González scores
Leonardo Medina to second
Runner from 2nd tries for 3rd, SAFE, throw made to third
Batting: RHB José García 0-0: Foul Ball, location: 2F
0-1: SINGLE (Line Drive, 4MD)
Leonardo Medina scores
Bryce Hopkins to second
Pitching: RHP Lorenzo Vargas
Batting: LHB Jesús Campos 0-0: Grounds into double play, 4-6-3 (Groundball, 4)
Top of the 7th over - 2 run(s), 4 hit(s), 0 error(s), 1 left on base; Irvine 5 - Boston 0
BOTTOM OF THE 7TH
Boston Rebels batting - Pitching for Irvine Gang Green : RHP Lorenzo Ramos
Batting: LHB Bill Wilson 0-0: Ball
1-0: Ball
2-0: Foul Ball, location: 2F
2-1: Ground out 6-3 (Groundball, 6)
Batting: LHB Stanley Mullins 0-0: Ball
1-0: Foul Ball, location: 2F
1-1: Foul Ball, location: 2F
1-2: Strikes out swinging
Batting: LHB Lorenzo Flores 0-0: Called Strike
0-1: Foul Ball, location: 2F
0-2: Ball
1-2: Fly out, F4 (Popup, 4D)
Bottom of the 7th over - 0 run(s), 0 hit(s), 0 error(s), 0 left on base; Irvine 5 - Boston 0
TOP OF THE 8TH
Irvine Gang Green batting - Pitching for Boston Rebels : RHP Lorenzo Vargas
Batting: RHB Earl Wiggins 0-0: Ball
1-0: Foul Ball, location: 2F
1-1: Foul Ball, location: 2F
1-2: Ball
2-2: Strikes out swinging
Batting: LHB Lorenzo Quintanilla 0-0: Ball
1-0: Ball
2-0: Ball
3-0: Base on Balls
Batting: RHB Oliver Hernández 0-0: Swinging Strike
0-1: Swinging Strike
0-2: Strikes out swinging
Batting: RHB Pepe González 0-0: Ball
1-0: Ball
2-0: Called Strike
2-1: Swinging Strike
2-2: Ball
3-2: Fly out, F7 (Flyball, 7M)
Top of the 8th over - 0 run(s), 0 hit(s), 0 error(s), 1 left on base; Irvine 5 - Boston 0
BOTTOM OF THE 8TH
Boston Rebels batting - Pitching for Irvine Gang Green : RHP Lorenzo Ramos
Pitching: RHP Robert Powers
Now at C: Adrián Ramírez
Batting: SHB Javier Villegas 0-0: Swinging Strike
0-1: Swinging Strike
0-2: Foul Ball, location: 2F
0-2: Ball
1-2: Ball
2-2: Ground out 4-3 (Groundball, 4)
Batting: RHB Rob Whitley 0-0: Ball
1-0: Ground out 2-3 (Groundball, 15S)
Batting: RHB Wilson Gómez 0-0: Ball
1-0: Foul Ball, location: 2F
1-1: Swinging Strike
1-2: Ground out 5-3 (Groundball, 56)
Bottom of the 8th over - 0 run(s), 0 hit(s), 0 error(s), 0 left on base; Irvine 5 - Boston 0
TOP OF THE 9TH
Irvine Gang Green batting - Pitching for Boston Rebels : RHP Lorenzo Vargas
Batting: LHB Leonardo Medina 0-0: Ball
1-0: Ball
2-0: Ball
3-0: Base on Balls
Batting: RHB José Salazar 0-0: Foul Ball, location: 2F
0-1: Foul Ball, location: 2F
0-2: Foul Ball, location: 2F
0-2: Strikes out swinging
Batting: LHB Bryce Hopkins 0-0: Swinging Strike
0-1: Foul Ball, location: 2F
0-2: Ball
1-2: Ball
2-2: DOUBLE (Line Drive, 3D)
Leonardo Medina to third
Batting: RHB José García 0-0: Ball
1-0: Called Strike
1-1: Ball
2-1: SINGLE (Line Drive, 34)
Leonardo Medina scores
Bryce Hopkins to third
Runner from 3rd tries for Home, SAFE, throw made home
José García to second
Batting: LHB Jesús Campos 0-0: Called Strike
0-1: Called Strike
José García steals 3rd base
0-2: Fly out, F8 (Flyball, 8RM)
Runner from 3rd tags up, SCORES, no throw
Batting: SHB Adrián Ramírez 0-0: Foul Ball, location: 2F
0-1: Called Strike
0-2: Ball
1-2: Strikes out swinging
Top of the 9th over - 3 run(s), 2 hit(s), 0 error(s), 0 left on base; Irvine 8 - Boston 0
BOTTOM OF THE 9TH
Boston Rebels batting - Pitching for Irvine Gang Green : RHP Robert Powers
Batting: LHB Bill Wilson 0-0: Foul Ball, location: 2F
0-1: Ball
1-1: Ball
2-1: Bunt missed!
2-2: Ground out U3 (Groundball, 3S)
Batting: SHB Álex Rosado 0-0: Ball
1-0: Called Strike
1-1: Ball
2-1: Foul Ball, location: 2F
2-2: Ground out 6-3 (Groundball, 6)
Batting: RHB Ronnie Brown 0-0: Fly out, F8 (Flyball, 89D)
Bottom of the 9th over - 0 run(s), 0 hit(s), 0 error(s), 0 left on base; Irvine 8 - Boston 0
This league is powered by Out of the Park Baseball, the baseball management simulation game for PC, Mac and Linux
Saturday, April 9th, 2016 - OOTP Baseball 16.8 Build 38